 Dungeon Crawl Stone Soup version 0.30-a0-359-gd0147acb1a (webtiles) character file.

Game seed: 14924010872450092113

54 Birkin the Covered (level 3, -5/33 HPs)
             Began as a Minotaur Fighter on Nov 12, 2022.
             Killed by nerve-wracking pain
             ... invoked by Grinder
              (13 damage)
             ... on level 3 of the Dungeon.
             The game lasted 00:03:31 (1184 turns).

Birkin the Covered (Minotaur Fighter)               Turns: 1184, Time: 00:03:32

Health: -5/33      AC:  7    Str: 22    XL:     3   Next: 66%
Magic:  2/2        EV:  9    Int:  5    God:
Gold:   115        SH:  4    Dex:  9    Spells: 2/2 levels left

rFire   . . .      SeeInvis .    a - +0 war axe
rCold   . . .      Faith    .    c - +0 buckler
rNeg    . . .      Spirit   .    b - +0 scale mail
rPois   .          Reflect  .    (helmet restricted)
rElec   .          Harm     .    (no cloak)
rCorr   .          Rampage  .    (no gloves)
Will    .....                    (no boots)
Stlth   ..........               m - amulet of the acrobat
HPRegen 0.25/turn                (no ring)
MPRegen 0.08/turn                (no ring)

@: mighty
A: horns 2, retaliatory headbutt
a: no special abilities


You were on level 3 of the Dungeon.
You visited 1 branch of the dungeon, and saw 3 of its levels.

You collected 115 gold pieces.

Inventory:

Hand Weapons
 a - a +0 war axe (weapon)
Armour
 b - a +0 scale mail (worn)
 c - a +0 buckler (worn)
Jewellery
 m - an amulet of the acrobat (around neck)
Wands
 p - a wand of polymorph (5)
Scrolls
 f - 2 scrolls of noise {unknown}
 g - a scroll of magic mapping {unknown}
 h - 4 scrolls of poison {unknown}
 i - 2 scrolls of teleportation {unknown}
 j - a scroll of vulnerability {unknown}
 l - a scroll of amnesia {unknown}
 o - 3 scrolls of identify {unknown}
 q - a scroll of enchant weapon {unknown}
Potions
 d - a potion of might
 e - a potion of degeneration {unknown}
 k - 2 potions of cancellation {unknown}
 n - 2 potions of mutation {unknown}


   Skills:
 + Level 4.1 Fighting
 + Level 3.0 Axes
 + Level 4.1 Armour
 + Level 1.3 Dodging
 + Level 4.1 Shields


You had 2 spell levels left.
You didn't know any spells.
Your spell library contained the following spells:

 Spells                   Type           Power      Damage    Failure   Level
 Sublimation of Blood     Necr           0%         N/A       95%         2
 Wereblood                Tmut           0%         N/A       95%         2
 Summon Hydra             Summ           0%         N/A       100%        7


Dungeon Overview and Level Annotations

Branches:
Dungeon (3/15)

Altars:

Annotations:
D:3 Grinder


Innate Abilities, Weirdness & Mutations

You have a pair of horns on your head.
You reflexively headbutt those who attack you in melee.


Message History

You can move again.
Grinder attacks as you move away! Grinder hits you but does no damage.
The adder completely misses you. Grinder gestures at you.
You resist with significant effort. The adder attacks as you move away!
The adder misses you.
Grinder blinks!
You block the adder's attack.
You barely miss the adder. You block the adder's attack.
The adder bites you but does no damage.
You barely miss the adder. You headbutt the adder.
The adder is moderately wounded.
The adder bites you but does no damage.
You feel very mighty all of a sudden. You block the adder's attack.
The adder bites you.
* * * LOW HITPOINT WARNING * * *
Grinder says, "There's only one good use for a tongue: cutting it out."
Grinder blinks!
Unknown command.
You closely miss the adder. Your headbutt misses the adder.
The adder is moderately wounded.
The adder closely misses you. x2
You barely miss the adder. Your headbutt misses the adder.
The adder is moderately wounded.
The adder bites you.
* * * LOW HITPOINT WARNING * * *
Grinder blinks!
The adder barely misses you. You furiously retaliate!
You headbutt the adder.
Unknown command.
You slash the adder!
You kill the adder!
Grinder says, "Don't move a muscle."
Grinder blinks!
Grinder gestures at you. You resist with significant effort.
You see here an adder corpse.
You hit Grinder.
Grinder is moderately wounded.
Grinder gestures at you. Pain shoots through your body!
You die...

... #.# .(#.#
#S#.# #.#.#
#.#.#
~.###.#.#
......#†##
##.@.##
##..5<.#####.
#............
##.....######
#....##
#.#$#.......
#.#.#.######
#.#.#.#
#.#.#.#


You could see Grinder.

Vanquished Creatures
  An adder (D:3)
  An adder skeleton (D:3)
  A dart slug (D:1)
  A worm (D:2)
  2 bats
  2 endoplasms
  2 giant cockroaches (D:2)
  6 goblins
  4 hobgoblins
  4 jackals (D:2)
  4 ball pythons (D:2)
  3 frilled lizards (D:1)
  3 kobolds
  A rat (D:2)
35 creatures vanquished.

Vanquished Creatures (others)
  A withered plant (D:3)
1 creature vanquished.

Grand Total: 36 creatures vanquished

Notes
Turn   | Place    | Note
-------+----------+-------------------------------------------
     0 | D:1      | Birkin the Minotaur Fighter began the quest for the Orb.
     0 | D:1      | Reached XP level 1. HP: 19/19 MP: 0/0
   119 | D:1      | Reached XP level 2. HP: 22/27 MP: 1/1
   645 | D:2      | Reached skill level 1 in Dodging
   674 | D:2      | Reached XP level 3. HP: 31/33 MP: 2/2
  1154 | D:3      | Noticed Grinder
  1158 | D:3      | Paralysed by Grinder for 2 turns
  1170 | D:3      | Paralysed by Grinder for 4 turns
  1184 | D:3      | Killed from afar by Grinder

Illustrated notes

Levels and vault maps discovered:
D:1:      scummos_arrival_gate, layout_basic, minmay_hexomino_u4
D:2:      layout_rooms
D:3:      layout_loops_ring, nicolae_qazlal_general_emergency,
          chequers_ecumenical_altar_island, serial_undead, serial_undead_f,
          serial_undead_c, serial_undead_c, serial_undead_c,
          minmay_misc_feat_alley, uniq_terence, uniq_grinder, uniq_natasha

Skill      XL: |  1  2  3 |
---------------+----------+-----
Dodging        | 1 |  1.3
Shields        | 4 |  4.1
Fighting       | 4 |  4.1
Armour         | 4 |  4.1
Axes           | 3 |  3.0

Action                   || total
-------------------------++-------
Melee: War axe           ||    88
       Headbutt          ||    13
  Use: Potion            ||     1
Armor: Scale mail        ||    51
Dodge: Dodged            ||    49
Block: Buckler           ||    24

Table legend: (Time is in decaauts)
 A = Elapsed time spent in this place.
 B = Non-inter-level travel time spent in this place.
 C = Inter-level travel time spent in this place.
 D = Time resting spent in this place.
 E = Time spent auto-exploring this place.
 F = Levels seen in this place.
 G = Mean time per level.
                   A        B        C        D        E       F      G
               +--------+--------+--------+--------+--------+-----+--------+
         Total |   1218 |   1151 |     67 |      0 |    887 |   3 |  406.0 |
       Dungeon |   1218 |   1151 |     67 |      0 |    887 |   3 |  406.0 |
               +--------+--------+--------+--------+--------+-----+--------+

Top non-repeatable levels by time:
     D:1: 613 daAuts
     D:2: 546 daAuts
     D:3: 58 daAuts
